 Dungeon Crawl Stone Soup version 0.24-a0-375-g4de66ed42b (webtiles) character file.

Game seed: 18298002900060179575

134 Holzbalken the Poker (level 4, -1/33 HPs)
             Began as a Demonspawn Gladiator on May 31, 2019.
             Slain by a white imp (3 damage)
             ... summoned by Eustachio
             ... on level 4 of the Dungeon.
             The game lasted 00:08:51 (2716 turns).

Holzbalken the Poker (Demonspawn Gladiator)         Turns: 2716, Time: 00:08:51

Health: -1/33      AC:  6    Str: 15    XL:     4   Next: 95%
Magic:  0/4        EV: 11    Int: 10    God:
Gold:   82         SH:  4    Dex: 14    Spells: 3/3 levels left

rFire    . . .     SeeInvis .   a - +0 trident
rCold    . . .     Gourm    .   (no shield)
rNeg     . . .     Faith    .   t - +0 ring mail
rPois    .         Spirit   +   c - +0 helmet
rElec    .         Reflect  .   e - scarf {Spirit}
rCorr    .         Harm     .   (no gloves)
MR       .....                  (no boots)
Stlth    +.........             (no amulet)
HPRegen  0.11/turn              (no ring)
MPRegen  0.09/turn              (no ring)

@: no status effects
A: large bone plates 1, spiny 1
a: no special abilities


You were on level 4 of the Dungeon.
You were not hungry.

You visited 1 branch of the dungeon, and saw 4 of its levels.

You collected 82 gold pieces.

Inventory:

Hand Weapons
 a - a +0 trident (weapon)
Missiles
 d - 3 throwing nets (quivered)
Armour
 b - a +0 leather armour
 c - a +0 helmet (worn)
 e - a scarf of spirit shield (worn)
 t - a +0 ring mail (worn)
 u - a +0 chain mail
Jewellery
 r - an uncursed ring of poison resistance {unknown}
 w - a cursed ring of attention {unknown}
Scrolls
 h - a scroll of teleportation {unknown}
 i - a scroll of immolation {unknown}
 k - a scroll of amnesia {unknown}
 l - 4 scrolls of identify {unknown}
 m - a scroll of enchant weapon {unknown}
 s - 2 scrolls of blinking {unknown}
 x - a scroll of fog {unknown}
Potions
 j - 2 potions of mutation {unknown}
 n - a potion of degeneration {unknown}
 o - a potion of brilliance {unknown}
 p - a potion of lignification {unknown}
 q - a potion of cancellation {unknown}
 v - a potion of invisibility {unknown}
Comestibles
 f - 4 rations
 g - 2 chunks of flesh


   Skills:
 - Level 2.0 Fighting
 + Level 5.2 Polearms
 - Level 1.7 Throwing
 - Level 2.6 Dodging


You had 3 spell levels left.
You didn't know any spells.
Your spell library was empty.

Dungeon Overview and Level Annotations

Branches:
Dungeon (4/15)
 Temple: D:4-7

Altars:
Hepliaklqana
Sif Muna

Annotations:
D:3 2 transporters
D:4 Eustachio


Innate Abilities, Weirdness & Mutations

You are partially covered in large bone plates. (SH +4)
You are partially covered in sharp spines.


Message History

You block the white imp's attack.
You hit Eustachio.
Eustachio is heavily wounded.
The crimson imp blinks!
Eustachio casts a spell.
The white imp hits you. The white imp freezes you.
* * * LOW HITPOINT WARNING * * *
You closely miss Eustachio.
Eustachio is heavily wounded.
Eustachio is struck by your spines. Eustachio hits you but does no damage.
The white imp gestures at you. The puff of frost hits you!
* * * LOW HITPOINT WARNING * * *
You can't go down here!
The crimson imp disappears in a puff of smoke!
The white imp disappears in a puff of smoke!
Eustachio barely misses you. The white imp hits you.
* * * LOW HITPOINT WARNING * * *
The white imp freezes you.
You die...

#.......
#......#
#......#
#......#
#......#
#.5§...#
#.@5...######
#.@§§.......#
#..5........#
#...........#
#.........>.#
#...........#
#...........#
#######.....#
.....#
.......


You could see Eustachio, an iron imp, a crimson imp and a white imp.

Vanquished Creatures
  6 adders
  An ooze (D:3)
  A worm (D:2)
  2 leopard geckos
  4 bats
  4 giant cockroaches
  11 goblins
  6 hobgoblins
  10 jackals
  7 kobolds
  2 quokkas
  2 ball pythons
  2 frilled lizards
  7 rats
65 creatures vanquished.

Notes
Turn   | Place    | Note
-------+----------+-------------------------------------------
     0 | D:1      | Holzbalken the Demonspawn Gladiator began the quest for the
                  | Orb.
     0 | D:1      | Reached XP level 1. HP: 16/16 MP: 1/1
    24 | D:1      | Reached skill level 3 in Polearms
    42 | D:1      | Gained mutation: You are partially covered in sharp spines.
                  | [demonic ancestry]
    42 | D:1      | Reached XP level 2. HP: 18/22 MP: 2/2
   428 | D:1      | Reached XP level 3. HP: 27/27 MP: 3/3
   576 | D:1      | Reached skill level 4 in Polearms
  1404 | D:2      | Gained mutation: You are partially covered in large bone
                  | plates. (SH +4) [demonic ancestry]
  1404 | D:2      | Reached XP level 4. HP: 28/33 MP: 4/4
  1991 | D:3      | Found a transporter.
  2003 | D:3      | Reached skill level 5 in Polearms
  2017 | D:3      | Found a transporter.
  2622 | D:3      | Found a hazy altar of Hepliaklqana.
  2622 | D:3      | Found a deep blue altar of Sif Muna.
  2690 | D:4      | Noticed Eustachio
  2716 | D:4      | Slain by a white imp

Levels and vault maps discovered:
D:1:      tarquinn_simple_flora_water_e, layout_loops_ring
D:2:      layout_rooms
D:3:      gammafunk_steamed_eel, layout_basic, amethyst_overflow_temple_binary,
          lemuel_another_geyser
D:4:      layout_gridville, minmay_temple_entry_glassed_door, uniq_eustachio

Skill      XL: |  1  2  3  4 |
---------------+-------------+-----
Polearms       | 3 4 5 |  5.2
Fighting       | |  2.0
Throwing       | |  1.7
Dodging        | |  2.6

Action                   |  1- 3 |  4- 6 || total
-------------------------+-------+-------++-------
Melee: Trident           |   112 |    72 ||   184
 Stab: Sleeping          |     2 |       ||     2
       Distracted        |     1 |       ||     1
  Eat: Chunk             |     2 |     4 ||     6
Armor: Leather armour    |    24 |       ||    24
       Ring mail         |       |    18 ||    18
Dodge: Dodged            |    42 |    19 ||    61
Block: Other             |       |     6 ||     6

Table legend:
 A = Non-vault XP
 B = Vault XP
 C = Vault XP percentage of total XP
 D = Non-vault monster count
 E = Vault monster count
 F = Vault count percentage of total count
                 A         B        C        D         E       F
            +---------+---------+-------+---------+---------+-------
      Total |     192 |       0 |   0.0 |      65 |       0 |   0.0
            +---------+---------+-------+---------+---------+-------
        D:1 |      53 |       0 |   0.0 |      29 |       0 |   0.0
        D:2 |      64 |       0 |   0.0 |      16 |       0 |   0.0
        D:3 |      75 |       0 |   0.0 |      20 |       0 |   0.0
            +---------+---------+-------+---------+---------+-------
